 Dungeon Crawl Stone Soup version 0.18-a0-1303-g41c131c (webtiles) character file.

137 realDonaldTrump the Firebug (level 5, 9/38 HPs)
             Began as a Demonspawn Fire Elementalist on Feb 12, 2016.
             Quit the game on level 2 of the Dungeon.
             The game lasted 00:03:20 (1727 turns).

realDonaldTrump the Firebug (DsFE)                  Turns: 1727, Time: 00:03:20

Health: 9/38       AC:  4    Str:  8    XL:     5   Next: 0%
Magic:  4/9        EV: 12    Int: 17    God:
Gold:   107        SH:  0    Dex: 14    Spells: 2 memorised, 5 levels left

rFire  . . .     SeeInvis .     a - +1 dagger (elec)
rCold  . . .     Gourm    .     e - +0 robe
rNeg   . . .     Faith    .     (no shield)
rPois  .         Spirit   .     (no helmet)
rElec  .         Dismiss  .     (no cloak)
rCorr  .         Reflect  .     (no gloves)
SustAt .         Harm     .     q - +0 pair of boots
MR     .....                    (no amulet)
Stlth  ++........               (no ring)
                                (no ring)

@: not resistant to hostile enchantments, unstealthy
A: claws 2, icy blue scales 1
a: no special abilities


You were on level 2 of the Dungeon.
You were not hungry.

You visited 1 branch of the dungeon, and saw 2 of its levels.

You collected 107 gold pieces.

Inventory:

Hand Weapons
 a - a +1 dagger of electrocution (weapon)
Armour
 e - a +0 robe (worn)
 q - a +0 pair of boots (worn)
Scrolls
 f - a scroll of noise {unknown}
 g - 3 scrolls of identify {unknown}
 k - a scroll of fog {unknown}
 m - 4 scrolls of magic mapping {unknown}
 o - a scroll of recharging {unknown}
 r - a scroll of enchant armour {unknown}
 t - a scroll of remove curse {unknown}
Potions
 d - a potion of cancellation {unknown}
 h - 2 potions of curing {unknown}
 i - a potion of cure mutation {unknown}
 j - a potion of might {unknown}
 l - a potion of haste {unknown}
 n - 2 potions of degeneration {unknown}
 p - a potion of agility {unknown}
Books
 b - a book of Flames

   Spells                             Type                      Level
   a - Flame Tongue                   Conjuration/Fire             1
   b - Throw Flame                    Conjuration/Fire             2
   c - Conjure Flame                  Conjuration/Fire             3
   d - Inner Flame                    Hexes/Fire                   3
   e - Sticky Flame                   Conjuration/Fire             4
   f - Fireball                       Conjuration/Fire             5
Comestibles
 c - 2 bread rations
 s - 3 chunks of flesh


   Skills:
 + Level 2.2 Fighting
 - Level 1.7 Dodging
 - Level 1.7 Stealth
 + Level 2.9 Spellcasting
 * Level 2.6 Conjurations
 + Level 3.3 Fire Magic


You had 5 spell levels left.
You knew the following spells:

 Your Spells              Type           Power        Failure   Level  Hunger
a - Flame Tongue          Conj/Fire      ##...        6%          1    #......
b - Conjure Flame         Conj/Fire      ##......     17%         3    ###....


Dungeon Overview and Level Annotations

Branches:
Dungeon (2/15)

Altars:
Kikubaaqudgha
Ru


Innate Abilities, Weirdness & Mutations

You have very sharp fingernails.
You are partially covered in icy blue scales (AC +1).


Message History

You are too injured to fight recklessly!
You are too injured to fight recklessly!
You now have 107 gold pieces (gained 14).
You open the door.
A kobold comes into view.
Found 19 poisoned needles and 2 gold pieces.
You are too injured to fight recklessly!
A kobold is nearby!
You are too injured to fight recklessly!
A kobold is nearby!
You are too injured to fight recklessly!
A kobold is nearby!
You are too injured to fight recklessly!
A kobold is nearby!
You are too injured to fight recklessly!
You are too injured to fight recklessly!
You are too injured to fight recklessly!
You are too injured to fight recklessly!
You are too injured to fight recklessly!
Are you sure you want to abandon this character and quit the game? (Confirm with "yes".)

#######+##### #≈≈≈≈≈≈.≈≈≈≈≈
#≈≈≈≈.....≈≈≈≈# #≈≈≈.......
≈≈# # #≈≈....⌠.. .≈≈# ###.#
#≈...##.##...≈#
K...$.#≈...#...#...≈#
(.....'@..⌠..⌠..⌠...+
.....##≈...#...#...≈# #. ...
#≈...##.##...≈# #.. .
#≈≈....⌠....≈≈#
#.##########≈≈≈.......≈≈≈#
#..........#≈≈≈≈.†...≈≈≈≈#
.##..........#≈≈≈≈≈≈.≈≈≈≈≈≈#
.............#######'#######
##...........######..######.


You could see a kobold (sleeping).

Vanquished Creatures
  An orc wizard (D:2)
  5 adders (D:2)
  An ooze (D:1)
  3 worms (D:2)
  A giant gecko (D:2)
  A ball python (D:2)
  3 giant cockroaches
  5 hobgoblins
  4 jackals (D:2)
  A quokka (D:2)
  5 bats
  3 giant newts
  5 goblins (D:1)
  10 kobolds
48 creatures vanquished.

Notes
Turn   | Place    | Note
--------------------------------------------------------------
     0 | D:1      | realDonaldTrump the Demonspawn Fire Elementalist began the quest for the Orb.
     0 | D:1      | Reached XP level 1. HP: 13/13 MP: 3/3
   317 | D:1      | Reached skill level 1 in Fighting
   317 | D:1      | Gained mutation: You are partially covered in icy blue scales (AC +1). [demonic ancestry]
   317 | D:1      | Reached XP level 2. HP: 11/21 MP: 5/5
  1040 | D:2      | Reached XP level 3. HP: 22/26 MP: 2/6
  1069 | D:2      | Reached skill level 3 in Fire Magic
  1090 | D:2      | Learned a level 3 spell: Conjure Flame
  1335 | D:2      | Gained mutation: You have sharp fingernails. [demonic ancestry]
  1335 | D:2      | Reached XP level 4. HP: 25/32 MP: 1/7
  1597 | D:2      | Found an ancient bone altar of Kikubaaqudgha.
  1644 | D:2      | Found a sacrificial altar of Ru.
  1708 | D:2      | Gained mutation: You have very sharp fingernails. [demonic ancestry]
  1708 | D:2      | Reached XP level 5. HP: 12/38 MP: 2/9
  1727 | D:2      | Quit the game

Vault maps used:
D:1:      dpeg_arrival_chambers_temple_mockup, nrook_mini_vaults,
          minmay_misc_feat_five
D:2:      nicolae_overflow_crystal_walls, nicolae_ru_great_annihilating_truth,
          first_bread, kennysheep_generic_room_2

Action                   |  1- 3 |  4- 6 || total
-------------------------+-------+-------++-------
Melee: Dagger            |    72 |    51 ||   123
 Cast: Flame Tongue      |    21 |    12 ||    33
 Stab: Sleeping          |       |     1 ||     1
  Eat: Chunk             |     2 |     1 ||     3
